AoeStats
← DarthOcelot

Arabia

510327870Analyzed
1v1 RM · 23h ago on Sep 30, 2026· 34m 45s· 2 players
Game mode
Random Map
Map size
Tiny (2 player)
Population
200
Speed
Normal
Resources
Standard
Victory
Conquest
Starting age
Dark Age
Ending age
Imperial Age
RankedLock teamsTeams togetherTeam positionsShared explorationLock speedFull tech treeHidden civsTurbo modeCheats
Victory
Defeat
🇹🇼 Varangians · Taiwan
1538
+16
🇷🇴 Sicilians · Romania
1547
-16
Agameboy
6:38 Loom
9:16 Feudal Age
9:20 Man-at-Arms
11:22 Double-Bit Axe
13:53 Wheelbarrow
15:53 Fletching
20:41 Castle Age
19:18 Forging
19:26 Scale Mail Armor
20:12 Horse Collar
21:55 Chain Mail Armor
21:54 Squires
22:56 Bow Saw
28:40 Gambesons
30:20 Town Watch
32:15 Heavy Plow
32:48 Hand Cart
34:52 Gold Mining
DarthOcelot
5:51 Loom
8:08 Feudal Age
8:36 Double-Bit Axe
12:23 Horse Collar
21:02 Castle Age
19:25 Gold Mining
19:59 Fletching
21:10 Scale Barding Armor
21:17 Forging
21:42 Padded Archer Armor
21:39 Elite Skirmisher
22:15 Bodkin Arrow
22:47 Leather Archer Armor
22:33 Light Cavalry
24:12 Bloodlines
32:19 Scale Mail Armor
Connection lost

Rejoining the realm…

Still unreachable

The connection could not be restored.

Session expired

The server has moved on; the page needs a fresh start.